3015 views
Uploaded 2020-03-29 19:23:17
Game version 1.32.3
21:33 long 3on3 ladder game on (6)BloodstoneMesa_LV
Saved by BEARAND
3015 views
Uploaded 2020-03-29 19:23:17
Game version 1.32.3
21:33 long 3on3 ladder game on (6)BloodstoneMesa_LV


74 units @ 7.7k
/ 0.4k
237 buildings @ 13.3k
/ 6.4k



| Rod of Necromancy | 1 | 150 |
| Orb of Corruption | 3 | 1125 |
| Boots of Speed | 3 | 750 |
| Staff of Teleportation | 3 | 450 |
| Circlet of Nobility | 2 | 350 |
| Staff of Sanctuary | 2 | 500 |
| total: | 14 | 3325g |
| Acolyte | 12 | 900 | / | 0 |
| Ghoul | 9 | 1080 | / | 0 |
| Obsidian Statue | 3 | 600 | / | 105 |
| total: | 24 | 2580g | / | 105w |
| Nerubian Tower | 5 | 500 | / | 100 |
| Spirit Tower | 4 | 580 | / | 160 |
| Crypt | 1 | 200 | / | 50 |
| Altar of Darkness | 1 | 180 | / | 50 |
| Ziggurat | 10 | 1500 | / | 500 |
| Tomb of Relics | 2 | 260 | / | 60 |
| Graveyard | 1 | 215 | / | 0 |
| Slaughterhouse | 1 | 140 | / | 135 |
| Halls of the Dead | 1 | 320 | / | 210 |
| Black Citadel | 1 | 325 | / | 230 |
| total: | 16 | 2495g | / | 795w |
| 0:01 | Acolyte |
| 0:08 | Crypt |
| 0:10 | Acolyte |
| 0:26 | Altar of Darkness |
| 0:31 | Ziggurat |
| 0:46 | Tomb of Relics |
| 1:11 | Ghoul |
| 1:14 | Ziggurat |
| 1:28 | Ghoul |
| 1:36 | Acolyte |
| 1:51 | Ghoul |
| 2:01 | Acolyte |
| 2:14 | Ghoul |
| 2:26 | Ghoul |
| 2:27 | Death Coil |
| 2:29 | Rod of Necromancy |
| 2:45 | Ghoul |
| 3:08 | Acolyte |
| 3:53 | Ghoul |
| 4:39 | Halls of the Dead |
| 4:50 | Nerubian Tower |
| 5:54 | Ziggurat |
| 6:14 | Unholy Aura |
| 6:24 | Ghoul |
| 7:51 | Black Citadel |
| 7:55 | Boots of Speed |
| 7:56 | Staff of Teleportation |
| 8:19 | Frost Nova |
| 8:44 | Ghoul |
| 9:01 | Tomb of Relics |
| 9:17 | Ziggurat |
| 9:46 | Death Coil |
| 10:02 | Ziggurat |
| 10:30 | Acolyte |
| 10:30 | Acolyte |
| 10:58 | Nerubian Tower |
| 11:03 | Graveyard |
| 11:11 | Boots of Speed |
| 11:11 | Staff of Teleportation |
| 11:12 | Circlet of Nobility |
| 11:17 | Frost Armor |
| 11:24 | Impale |
| 11:42 | Boots of Speed |
| 11:47 | Ziggurat |
| 12:06 | Orb of Corruption |
| 12:08 | Orb of Corruption |
| 12:38 | Acolyte |
| 12:50 | Nerubian Tower |
| 12:53 | Spirit Tower |
| 13:47 | Slaughterhouse |
| 14:08 | Staff of Teleportation |
| 14:08 | Circlet of Nobility |
| 14:43 | Spiked Carapace |
| 15:15 | Obsidian Statue |
| 15:18 | Spirit Tower |
| 15:28 | Staff of Sanctuary |
| 15:41 | Acolyte |
| 15:41 | Acolyte |
| 15:41 | Acolyte |
| 15:41 | Acolyte |
| 15:52 | Orb of Corruption |
| 16:01 | Ziggurat |
| 16:31 | Frost Nova |
| 16:55 | Nerubian Tower |
| 16:57 | Ziggurat |
| 17:16 | Obsidian Statue |
| 18:10 | Spirit Tower |
| 18:14 | Ziggurat |
| 18:22 | Obsidian Statue |
| 18:28 | Ziggurat |
| 19:16 | Spirit Tower |
| 19:19 | Nerubian Tower |
| 19:22 | Unholy Aura |
| 20:10 | Staff of Sanctuary |
| Right click | 1293 |
| Select group | 728 |
| Assign group | 426 |
| Select | 285 |
| Resource trade | 84 |
| Build/train/purchase | 73 |
| Use ability | 69 |
| Misc. action | 38 |
| Item give/drop | 7 |
| Minimap ping | 2 |
| Remove unit | 1 |



| Orb of Corruption | 2 | 750 |
| Boots of Speed | 3 | 750 |
| Staff of Teleportation | 3 | 450 |
| Circlet of Nobility | 1 | 175 |
| Periapt of Vitality | 1 | 325 |
| Staff of Sanctuary | 2 | 500 |
| total: | 12 | 2950g |
| Acolyte | 12 | 900 | / | 0 |
| Ghoul | 8 | 960 | / | 0 |
| Obsidian Statue | 2 | 400 | / | 70 |
| Crypt Fiend | 2 | 430 | / | 80 |
| total: | 24 | 2690g | / | 150w |
| Nerubian Tower | 7 | 700 | / | 140 |
| Spirit Tower | 1 | 145 | / | 40 |
| Crypt | 1 | 200 | / | 50 |
| Altar of Darkness | 1 | 180 | / | 50 |
| Ziggurat | 11 | 1650 | / | 550 |
| Graveyard | 1 | 215 | / | 0 |
| Necropolis | 1 | 225 | / | 0 |
| Tomb of Relics | 2 | 260 | / | 60 |
| Slaughterhouse | 1 | 140 | / | 135 |
| Halls of the Dead | 1 | 320 | / | 210 |
| Black Citadel | 1 | 325 | / | 230 |
| total: | 18 | 2870g | / | 845w |
| 0:03 | Acolyte |
| 0:09 | Crypt |
| 0:12 | Altar of Darkness |
| 0:14 | Acolyte |
| 0:35 | Ziggurat |
| 1:10 | Ghoul |
| 1:29 | Ziggurat |
| 1:31 | Ghoul |
| 1:43 | Nerubian Tower |
| 1:55 | Ghoul |
| 2:06 | Ghoul |
| 2:21 | Ghoul |
| 2:25 | Death Coil |
| 2:39 | Ghoul |
| 2:55 | Ghoul |
| 3:15 | Graveyard |
| 3:32 | Ghoul |
| 3:41 | Boots of Speed |
| 4:03 | Unholy Aura |
| 4:14 | Staff of Teleportation |
| 4:43 | Halls of the Dead |
| 5:49 | Ziggurat |
| 6:08 | Nerubian Tower |
| 6:16 | Death Coil |
| 6:54 | Nerubian Tower |
| 7:24 | Black Citadel |
| 8:13 | Necropolis |
| 8:33 | Frost Nova |
| 8:40 | Boots of Speed |
| 8:40 | Staff of Teleportation |
| 9:54 | Acolyte |
| 9:55 | Acolyte |
| 9:55 | Acolyte |
| 9:55 | Acolyte |
| 9:56 | Acolyte |
| 10:05 | Slaughterhouse |
| 10:09 | Tomb of Relics |
| 10:10 | Tomb of Relics |
| 10:25 | Acolyte |
| 10:25 | Acolyte |
| 11:00 | Ziggurat |
| 11:03 | Ziggurat |
| 11:34 | Obsidian Statue |
| 11:34 | Obsidian Statue |
| 12:07 | Frost Armor |
| 12:40 | Unholy Aura |
| 13:00 | Nerubian Tower |
| 13:30 | Carrion Swarm |
| 14:04 | Ziggurat |
| 14:08 | Ziggurat |
| 14:10 | Ziggurat |
| 14:14 | Ziggurat |
| 14:15 | Ziggurat |
| 14:16 | Ziggurat |
| 14:30 | Orb of Corruption |
| 14:32 | Staff of Sanctuary |
| 14:33 | Orb of Corruption |
| 14:51 | Boots of Speed |
| 15:02 | Acolyte |
| 15:27 | Spirit Tower |
| 15:29 | Nerubian Tower |
| 15:30 | Nerubian Tower |
| 16:59 | Creature Carapace |
| 17:01 | Web |
| 17:02 | Burrow |
| 17:02 | Crypt Fiend |
| 17:02 | Crypt Fiend |
| 17:06 | Nerubian Tower |
| 17:14 | Staff of Sanctuary |
| 17:33 | Circlet of Nobility |
| 17:50 | Staff of Teleportation |
| 17:51 | Periapt of Vitality |
| 18:05 | Frost Nova |
| 19:23 | Sleep |
| 19:54 | Acolyte |
| 19:54 | Acolyte |
| 20:00 | Improved Creature Carapace |
| 20:00 | Creature Attack |
| Right click | 1408 |
| Select group | 839 |
| Select | 197 |
| Resource trade | 95 |
| Build/train/purchase | 74 |
| Use ability | 70 |
| Misc. action | 42 |
| Minimap ping | 25 |
| Assign group | 11 |
| Item give/drop | 9 |
| Chat | 4 |



| Scroll of Regeneration | 1 | 100 |
| Potion of Healing | 2 | 300 |
| Staff of Sanctuary | 3 | 750 |
| Boots of Speed | 3 | 750 |
| Staff of Teleportation | 3 | 450 |
| Periapt of Vitality | 1 | 325 |
| Circlet of Nobility | 1 | 175 |
| Orb of Corruption | 3 | 1125 |
| total: | 17 | 3975g |
| Peasant | 22 | 1650 | / | 0 |
| Priest | 1 | 135 | / | 10 |
| Dragonhawk Rider | 3 | 600 | / | 90 |
| total: | 26 | 2385g | / | 100w |
| Scout Tower | 186 | 5580 | / | 3720 |
| Arcane Tower | 8 | 560 | / | 400 |
| Guard Tower | 103 | 7210 | / | 5150 |
| Altar of Kings | 1 | 180 | / | 50 |
| Farm | 5 | 400 | / | 100 |
| Lumber Mill | 1 | 120 | / | 0 |
| Arcane Vault | 4 | 520 | / | 120 |
| Town Hall | 1 | 385 | / | 205 |
| Blacksmith | 1 | 140 | / | 60 |
| Barracks | 1 | 160 | / | 60 |
| Arcane Sanctum | 1 | 150 | / | 140 |
| Gryphon Aviary | 2 | 280 | / | 300 |
| Keep | 2 | 640 | / | 420 |
| Castle | 1 | 360 | / | 210 |
| total: | 203 | 7915g | / | 4755w |
| 0:02 | Peasant |
| 0:02 | Peasant |
| 0:08 | Altar of Kings |
| 0:12 | Peasant |
| 0:18 | Farm |
| 0:19 | Peasant |
| 0:30 | Scout Tower |
| 0:34 | Peasant |
| 0:50 | Peasant |
| 0:57 | Lumber Mill |
| 1:03 | Peasant |
| 1:10 | Peasant |
| 1:19 | Farm |
| 1:33 | Scout Tower |
| 1:34 | Scout Tower |
| 1:37 | Scout Tower |
| 1:38 | Arcane Tower |
| 1:40 | Scout Tower |
| 1:41 | Peasant |
| 1:52 | Peasant |
| 1:53 | Peasant |
| 1:58 | Scout Tower |
| 2:01 | Arcane Tower |
| 2:04 | Scout Tower |
| 2:05 | Arcane Tower |
| 2:06 | Scout Tower |
| 2:11 | Blizzard |
| 2:34 | Guard Tower |
| 2:36 | Scout Tower |
| 2:37 | Guard Tower |
| 2:38 | Scout Tower |
| 2:39 | Scout Tower |
| 2:40 | Guard Tower |
| 3:05 | Guard Tower |
| 3:06 | Scout Tower |
| 3:06 | Scout Tower |
| 3:08 | Guard Tower |
| 3:09 | Scout Tower |
| 3:09 | Scout Tower |
| 3:10 | Scout Tower |
| 3:11 | Peasant |
| 3:11 | Peasant |
| 3:11 | Peasant |
| 3:12 | Guard Tower |
| 3:13 | Scout Tower |
| 3:14 | Scout Tower |
| 3:41 | Boots of Speed |
| 3:41 | Staff of Teleportation |
| 3:46 | Guard Tower |
| 3:50 | Keep |
| 4:20 | Guard Tower |
| 4:21 | Arcane Vault |
| 4:23 | Scout Tower |
| 5:06 | Brilliance Aura |
| 5:22 | Town Hall |
| 5:27 | Improved Masonry |
| 5:29 | Farm |
| 5:30 | Farm |
| 5:34 | Scout Tower |
| 5:34 | Scout Tower |
| 5:34 | Scout Tower |
| 5:35 | Scout Tower |
| 5:35 | Scout Tower |
| 5:36 | Scout Tower |
| 5:36 | Scout Tower |
| 5:37 | Scout Tower |
| 5:37 | Scout Tower |
| 5:38 | Scout Tower |
| 5:38 | Scout Tower |
| 5:41 | Guard Tower |
| 5:43 | Scout Tower |
| 5:43 | Scout Tower |
| 5:46 | Scroll of Regeneration |
| 5:55 | Guard Tower |
| 5:55 | Guard Tower |
| 6:06 | Guard Tower |
| 6:07 | Guard Tower |
| 6:15 | Guard Tower |
| 6:21 | Scout Tower |
| 6:21 | Scout Tower |
| 6:30 | Scout Tower |
| 6:31 | Scout Tower |
| 6:31 | Scout Tower |
| 6:36 | Guard Tower |
| 6:38 | Guard Tower |
| 6:39 | Guard Tower |
| 6:47 | Scout Tower |
| 6:48 | Scout Tower |
| 6:48 | Scout Tower |
| 6:49 | Scout Tower |
| 7:04 | Guard Tower |
| 7:04 | Guard Tower |
| 7:15 | Guard Tower |
| 7:18 | Potion of Healing |
| 7:21 | Guard Tower |
| 7:35 | Arcane Sanctum |
| 7:40 | Storm Bolt |
| 7:48 | Guard Tower |
| 8:01 | Scout Tower |
| 8:02 | Scout Tower |
| 8:04 | Castle |
| 8:05 | Advanced Masonry |
| 8:07 | Improved Lumber Harvesting |
| 8:15 | Arcane Tower |
| 8:16 | Arcane Tower |
| 8:16 | Guard Tower |
| 8:19 | Guard Tower |
| 8:22 | Scout Tower |
| 8:23 | Scout Tower |
| 8:24 | Scout Tower |
| 8:25 | Scout Tower |
| 8:33 | Scout Tower |
| 8:34 | Scout Tower |
| 8:34 | Scout Tower |
| 8:34 | Scout Tower |
| 8:40 | Peasant |
| 8:40 | Peasant |
| 8:40 | Peasant |
| 8:40 | Peasant |
| 8:47 | Magic Sentry |
| 8:51 | Boots of Speed |
| 9:02 | Guard Tower |
| 9:02 | Guard Tower |
| 9:05 | Scout Tower |
| 9:06 | Scout Tower |
| 9:06 | Scout Tower |
| 9:46 | Guard Tower |
| 9:55 | Guard Tower |
| 9:56 | Guard Tower |
| 9:57 | Scout Tower |
| 9:57 | Scout Tower |
| 9:58 | Scout Tower |
| 9:58 | Scout Tower |
| 9:59 | Blizzard |
| 10:01 | Guard Tower |
| 10:03 | Guard Tower |
| 10:04 | Guard Tower |
| 10:08 | Arcane Vault |
| 10:12 | Arcane Vault |
| 10:13 | Scout Tower |
| 10:13 | Scout Tower |
| 10:26 | Guard Tower |
| 10:28 | Guard Tower |
| 10:35 | Priest |
| 10:36 | Imbued Masonry |
| 10:38 | Guard Tower |
| 10:39 | Scout Tower |
| 10:40 | Scout Tower |
| 10:40 | Scout Tower |
| 10:48 | Bash |
| 10:52 | Guard Tower |
| 10:58 | Peasant |
| 10:58 | Peasant |
| 10:58 | Peasant |
| 11:01 | Peasant |
| 11:03 | Advanced Lumber Harvesting |
| 11:27 | Arcane Vault |
| 11:27 | Scout Tower |
| 11:28 | Scout Tower |
| 11:32 | Holy Light |
| 11:33 | Guard Tower |
| 11:34 | Guard Tower |
| 11:45 | Scout Tower |
| 11:46 | Scout Tower |
| 11:47 | Scout Tower |
| 11:48 | Scout Tower |
| 11:48 | Scout Tower |
| 11:49 | Scout Tower |
| 11:49 | Scout Tower |
| 11:52 | Scout Tower |
| 11:53 | Scout Tower |
| 11:53 | Scout Tower |
| 11:53 | Scout Tower |
| 11:54 | Scout Tower |
| 11:55 | Scout Tower |
| 11:56 | Scout Tower |
| 11:56 | Scout Tower |
| 11:57 | Scout Tower |
| 11:58 | Scout Tower |
| 11:59 | Scout Tower |
| 11:59 | Scout Tower |
| 12:00 | Guard Tower |
| 12:01 | Scout Tower |
| 12:02 | Scout Tower |
| 12:02 | Scout Tower |
| 12:04 | Scout Tower |
| 12:04 | Scout Tower |
| 12:05 | Scout Tower |
| 12:05 | Scout Tower |
| 12:05 | Scout Tower |
| 12:06 | Scout Tower |
| 12:06 | Scout Tower |
| 12:06 | Scout Tower |
| 12:07 | Scout Tower |
| 12:07 | Scout Tower |
| 12:09 | Boots of Speed |
| 12:09 | Staff of Teleportation |
| 12:47 | Guard Tower |
| 12:47 | Guard Tower |
| 12:49 | Guard Tower |
| 12:51 | Gryphon Aviary |
| 12:53 | Gryphon Aviary |
| 12:55 | Blacksmith |
| 13:24 | Guard Tower |
| 13:26 | Scout Tower |
| 13:35 | Guard Tower |
| 13:41 | Scout Tower |
| 13:42 | Scout Tower |
| 13:42 | Scout Tower |
| 13:42 | Scout Tower |
| 13:43 | Scout Tower |
| 13:43 | Scout Tower |
| 13:43 | Scout Tower |
| 13:44 | Scout Tower |
| 13:46 | Guard Tower |
| 13:54 | Guard Tower |
| 13:55 | Scout Tower |
| 13:56 | Scout Tower |
| 13:56 | Scout Tower |
| 13:57 | Scout Tower |
| 13:57 | Scout Tower |
| 13:57 | Scout Tower |
| 14:00 | Scout Tower |
| 14:01 | Scout Tower |
| 14:01 | Scout Tower |
| 14:01 | Scout Tower |
| 14:02 | Scout Tower |
| 14:02 | Scout Tower |
| 14:03 | Scout Tower |
| 14:03 | Scout Tower |
| 14:04 | Scout Tower |
| 14:04 | Scout Tower |
| 14:04 | Scout Tower |
| 14:04 | Scout Tower |
| 14:28 | Staff of Teleportation |
| 14:29 | Periapt of Vitality |
| 14:30 | Circlet of Nobility |
| 14:34 | Staff of Sanctuary |
| 14:39 | Staff of Sanctuary |
| 14:42 | Guard Tower |
| 15:03 | Guard Tower |
| 15:06 | Scout Tower |
| 15:07 | Scout Tower |
| 15:08 | Guard Tower |
| 15:10 | Guard Tower |
| 15:17 | Scout Tower |
| 15:18 | Scout Tower |
| 15:18 | Scout Tower |
| 15:19 | Scout Tower |
| 15:19 | Scout Tower |
| 15:19 | Scout Tower |
| 15:20 | Scout Tower |
| 15:21 | Scout Tower |
| 15:21 | Scout Tower |
| 15:22 | Scout Tower |
| 15:23 | Scout Tower |
| 15:33 | Dragonhawk Rider |
| 15:35 | Farm |
| 16:21 | Divine Shield |
| 16:50 | Dragonhawk Rider |
| 16:51 | Dragonhawk Rider |
| 16:51 | Iron Forged Swords |
| 16:52 | Studded Leather Armor |
| 16:53 | Guard Tower |
| 16:53 | Guard Tower |
| 16:53 | Guard Tower |
| 17:28 | Guard Tower |
| 18:01 | Staff of Sanctuary |
| 18:30 | Steel Forged Swords |
| 18:31 | Barracks |
| 18:34 | Orb of Corruption |
| 18:36 | Orb of Corruption |
| 18:45 | Potion of Healing |
| 18:45 | Orb of Corruption |
| 18:52 | Guard Tower |
| 19:10 | Guard Tower |
| 19:21 | Scout Tower |
| 19:21 | Scout Tower |
| 19:22 | Scout Tower |
| 19:22 | Scout Tower |
| 19:22 | Scout Tower |
| 19:22 | Scout Tower |
| 19:35 | Guard Tower |
| 19:40 | Scout Tower |
| 19:40 | Scout Tower |
| 19:41 | Scout Tower |
| 19:41 | Scout Tower |
| 19:42 | Scout Tower |
| 19:42 | Scout Tower |
| 19:43 | Scout Tower |
| 19:44 | Scout Tower |
| 19:44 | Scout Tower |
| 19:44 | Scout Tower |
| 19:45 | Scout Tower |
| 19:45 | Scout Tower |
| 19:46 | Animal War Training |
| 19:50 | Scout Tower |
| 19:50 | Scout Tower |
| 19:50 | Scout Tower |
| 19:51 | Scout Tower |
| 19:51 | Scout Tower |
| 19:51 | Scout Tower |
| 19:52 | Scout Tower |
| 19:52 | Scout Tower |
| 19:58 | Scout Tower |
| 19:59 | Scout Tower |
| 20:00 | Scout Tower |
| 20:00 | Scout Tower |
| 20:01 | Scout Tower |
| 20:02 | Scout Tower |
| 20:03 | Scout Tower |
| 20:04 | Guard Tower |
| 20:05 | Scout Tower |
| 20:06 | Scout Tower |
| 20:11 | Scout Tower |
| 20:12 | Scout Tower |
| 20:12 | Scout Tower |
| 20:13 | Scout Tower |
| 20:13 | Scout Tower |
| 20:13 | Scout Tower |
| 20:20 | Scout Tower |
| 20:21 | Scout Tower |
| 20:21 | Scout Tower |
| 20:22 | Scout Tower |
| 20:22 | Scout Tower |
| 20:22 | Scout Tower |
| 20:22 | Scout Tower |
| 20:23 | Scout Tower |
| 20:30 | Mithril Forged Swords |
| 20:30 | Reinforced Leather Armor |
| 20:52 | Storm Bolt |
| 20:54 | Brilliance Aura |
| 20:56 | Guard Tower |
| 20:57 | Guard Tower |
| 21:03 | Guard Tower |
| Right click | 1972 |
| Select | 677 |
| Select group | 324 |
| Build/train/purchase | 207 |
| Use ability | 56 |
| Misc. action | 21 |
| Assign group | 14 |
| Chat | 14 |
| Minimap ping | 10 |
| Item give/drop | 4 |
| Remove unit | 4 |
83 units @ 13.2k
/ 1.8k
49 buildings @ 6k
/ 2.7k


| Peasant | 9 | 675 | / | 0 |
| Footman | 12 | 1620 | / | 0 |
| Rifleman | 1 | 205 | / | 30 |
| total: | 22 | 2500g | / | 30w |
| Scout Tower | 8 | 240 | / | 160 |
| Guard Tower | 2 | 140 | / | 100 |
| Altar of Kings | 1 | 180 | / | 50 |
| Barracks | 1 | 160 | / | 60 |
| Blacksmith | 1 | 140 | / | 60 |
| Farm | 7 | 560 | / | 140 |
| Lumber Mill | 1 | 120 | / | 0 |
| Keep | 1 | 320 | / | 210 |
| Castle | 1 | 360 | / | 210 |
| total: | 19 | 1400g | / | 470w |
| 0:11 | Peasant |
| 0:11 | Peasant |
| 0:11 | Peasant |
| 0:11 | Peasant |
| 0:41 | Altar of Kings |
| 0:52 | Barracks |
| 1:04 | Blacksmith |
| 1:46 | Farm |
| 1:59 | Farm |
| 2:27 | Footman |
| 2:27 | Footman |
| 2:32 | Scout Tower |
| 2:40 | Scout Tower |
| 3:05 | Scout Tower |
| 3:14 | Scout Tower |
| 3:33 | Footman |
| 3:33 | Footman |
| 3:44 | Scout Tower |
| 3:52 | Scout Tower |
| 3:57 | Scout Tower |
| 5:01 | Summon Water Elemental |
| 5:27 | Footman |
| 5:27 | Footman |
| 5:27 | Footman |
| 6:11 | Lumber Mill |
| 6:39 | Footman |
| 7:12 | Farm |
| 7:15 | Farm |
| 8:13 | Guard Tower |
| 8:22 | Farm |
| 8:27 | Farm |
| 9:46 | Keep |
| 9:56 | Farm |
| 10:03 | Scout Tower |
| 10:12 | Rifleman |
| 11:37 | Guard Tower |
| 11:39 | Footman |
| 11:39 | Footman |
| 11:39 | Footman |
| 11:39 | Footman |
| 12:55 | Long Rifles |
| 14:11 | Blizzard |
| 14:17 | Castle |
| 16:08 | Storm Bolt |
| 17:34 | Peasant |
| 18:03 | Peasant |
| 18:03 | Peasant |
| 18:47 | Peasant |
| 18:47 | Peasant |
| Right click | 186 |
| Select | 124 |
| Build/train/purchase | 38 |
| Use ability | 8 |


| Scroll of Speed | 4 | 200 |
| Healing Salve | 2 | 200 |
| Lesser Clarity Potion | 2 | 140 |
| Potion of Healing | 2 | 300 |
| Scroll of Town Portal | 1 | 350 |
| Scroll of Healing | 1 | 250 |
| Potion of Lesser Invulnerability | 1 | 150 |
| total: | 13 | 1590g |
| Peon | 9 | 675 | / | 0 |
| Troll Headhunter | 13 | 1820 | / | 260 |
| Wind Rider | 9 | 2385 | / | 360 |
| Shaman | 3 | 390 | / | 60 |
| total: | 34 | 5270g | / | 680w |
| Watch Tower | 2 | 220 | / | 160 |
| Altar of Storms | 1 | 180 | / | 50 |
| Orc Burrow | 6 | 960 | / | 240 |
| War Mill | 1 | 205 | / | 0 |
| Barracks | 1 | 180 | / | 50 |
| Voodoo Lounge | 1 | 130 | / | 30 |
| Beastiary | 3 | 435 | / | 420 |
| Spirit Lodge | 1 | 150 | / | 150 |
| Stronghold | 1 | 315 | / | 190 |
| Fortress | 1 | 325 | / | 190 |
| total: | 16 | 2460g | / | 1100w |
| 0:04 | Peon |
| 0:04 | Peon |
| 0:08 | Altar of Storms |
| 0:12 | Orc Burrow |
| 0:25 | Peon |
| 0:44 | Peon |
| 0:57 | War Mill |
| 1:00 | Peon |
| 1:38 | Barracks |
| 1:43 | Orc Burrow |
| 1:45 | Peon |
| 2:00 | Peon |
| 2:08 | Voodoo Lounge |
| 2:16 | War Stomp |
| 2:19 | Peon |
| 2:20 | Peon |
| 2:52 | Troll Headhunter |
| 2:52 | Troll Headhunter |
| 3:01 | Watch Tower |
| 3:23 | Scroll of Speed |
| 3:30 | Healing Salve |
| 3:31 | Lesser Clarity Potion |
| 4:03 | Healing Salve |
| 5:11 | Watch Tower |
| 5:13 | Spiked Barricades |
| 5:15 | Troll Headhunter |
| 5:16 | Troll Headhunter |
| 5:21 | Scroll of Speed |
| 5:22 | Lesser Clarity Potion |
| 5:35 | Troll Headhunter |
| 6:06 | Orc Burrow |
| 6:08 | Endurance Aura |
| 6:09 | Troll Headhunter |
| 6:20 | Steel Ranged Weapons |
| 6:32 | Troll Headhunter |
| 7:38 | Stronghold |
| 7:56 | Scroll of Speed |
| 8:18 | Troll Headhunter |
| 8:20 | Steel Armor |
| 8:27 | Orc Burrow |
| 8:42 | Troll Headhunter |
| 9:05 | Troll Headhunter |
| 9:50 | Troll Headhunter |
| 9:50 | Troll Headhunter |
| 10:19 | Orc Burrow |
| 10:20 | Fortress |
| 10:27 | Scroll of Town Portal |
| 10:28 | Potion of Healing |
| 11:21 | Scroll of Healing |
| 11:21 | Potion of Lesser Invulnerability |
| 11:54 | Orc Burrow |
| 11:58 | Beastiary |
| 12:11 | War Stomp |
| 12:20 | Spirit Lodge |
| 12:22 | Thorium Ranged Weapons |
| 12:52 | Beastiary |
| 12:59 | Beastiary |
| 13:04 | Chain Lighting |
| 13:18 | Troll Headhunter |
| 13:52 | Shaman Adept Training |
| 13:53 | Wind Rider |
| 13:54 | Wind Rider |
| 14:11 | Envenomed Spears |
| 15:24 | Wind Rider |
| 15:24 | Wind Rider |
| 15:26 | Shaman Master Training |
| 16:46 | Shaman |
| 16:46 | Shaman |
| 16:48 | Wind Rider |
| 16:50 | Wind Rider |
| 17:45 | Wind Rider |
| 18:40 | Wind Rider |
| 18:50 | Arcanite Ranged Weapons |
| 19:59 | Wind Rider |
| 20:01 | Shaman |
| 20:37 | Potion of Healing |
| 20:39 | Scroll of Speed |
| 21:05 | Endurance Aura |
| Right click | 513 |
| Select group | 257 |
| Select | 217 |
| Build/train/purchase | 87 |
| Assign group | 21 |
| Minimap ping | 18 |
| Use ability | 13 |
| Item give/drop | 6 |
| Chat | 4 |


| Acolyte | 7 | 525 | / | 0 |
| Ghoul | 4 | 480 | / | 0 |
| Crypt Fiend | 8 | 1720 | / | 320 |
| Obsidian Statue | 2 | 400 | / | 70 |
| Frost Wyrm | 6 | 2310 | / | 720 |
| total: | 27 | 5435g | / | 1110w |
| Nerubian Tower | 3 | 300 | / | 60 |
| Spirit Tower | 2 | 290 | / | 80 |
| Altar of Darkness | 1 | 180 | / | 50 |
| Crypt | 1 | 200 | / | 50 |
| Ziggurat | 6 | 900 | / | 300 |
| Graveyard | 1 | 215 | / | 0 |
| Tomb of Relics | 1 | 130 | / | 30 |
| Slaughterhouse | 1 | 140 | / | 135 |
| Sacrificial Pit | 1 | 75 | / | 150 |
| Boneyard | 2 | 350 | / | 400 |
| Halls of the Dead | 1 | 320 | / | 210 |
| Black Citadel | 1 | 325 | / | 230 |
| total: | 14 | 2190g | / | 1115w |
| 0:06 | Acolyte |
| 0:10 | Altar of Darkness |
| 0:12 | Crypt |
| 0:27 | Ziggurat |
| 0:36 | Acolyte |
| 1:03 | Graveyard |
| 1:18 | Ghoul |
| 1:30 | Ziggurat |
| 1:44 | Ghoul |
| 1:59 | Ghoul |
| 2:10 | Ziggurat |
| 2:31 | Ghoul |
| 2:37 | Death Coil |
| 2:45 | Crypt Fiend |
| 3:08 | Crypt Fiend |
| 3:14 | Nerubian Tower |
| 4:22 | Unholy Aura |
| 4:39 | Halls of the Dead |
| 5:10 | Crypt Fiend |
| 5:10 | Crypt Fiend |
| 5:10 | Crypt Fiend |
| 5:16 | Spirit Tower |
| 5:26 | Nerubian Tower |
| 5:47 | Creature Attack |
| 6:04 | Crypt Fiend |
| 7:40 | Slaughterhouse |
| 7:42 | Ziggurat |
| 8:05 | Ziggurat |
| 8:17 | Web |
| 8:18 | Crypt Fiend |
| 8:32 | Frost Nova |
| 8:51 | Tomb of Relics |
| 9:04 | Black Citadel |
| 9:06 | Improved Creature Attack |
| 10:12 | Sacrificial Pit |
| 10:20 | Spirit Tower |
| 10:42 | Obsidian Statue |
| 10:44 | Obsidian Statue |
| 11:37 | Crypt Fiend |
| 11:47 | Boneyard |
| 11:48 | Boneyard |
| 12:45 | Advanced Creature Attack |
| 12:46 | Creature Carapace |
| 13:00 | Ziggurat |
| 13:14 | Frost Wyrm |
| 13:56 | Freezing Breath |
| 14:21 | Frost Wyrm |
| 15:27 | Death Coil |
| 15:44 | Acolyte |
| 15:45 | Acolyte |
| 15:45 | Acolyte |
| 16:30 | Frost Nova |
| 19:32 | Frost Wyrm |
| 19:32 | Frost Wyrm |
| 19:33 | Frost Wyrm |
| 19:33 | Frost Wyrm |
| 19:59 | Acolyte |
| 19:59 | Acolyte |
| 20:46 | Frost Armor |
| Right click | 404 |
| Select | 179 |
| Select group | 60 |
| Build/train/purchase | 50 |
| Use ability | 28 |
| Assign group | 5 |
⇛